 Dungeon Crawl Stone Soup version 0.26-b1-57-gb162d0664a (webtiles) character file.

Game seed: 9130363444861864976

66 H0rd4k the Magician (level 3, 0/19 HPs)
             Began as a Deep Elf Hedge Wizard on Jan 8, 2021.
             Slain by a water moccasin (10 damage)
             ... on level 3 of the Dungeon.
             The game lasted 00:03:01 (1252 turns).

H0rd4k the Magician (Deep Elf Hedge Wizard)         Turns: 1252, Time: 00:03:01

Health: 0/19       AC:  2    Str:  7    XL:     3   Next: 96%
Magic:  1/12       EV: 13    Int: 19    God:
Gold:   89         SH:  0    Dex: 14    Spells: 4/13 levels left

rFire    . . .     SeeInvis +   a - +0 dagger
rCold    . . .     Faith    .   (no shield)
rNeg     . . .     Spirit   .   b - +0 robe
rPois    .         Reflect  .   c - +0 hat
rElec    .         Harm     .   (no cloak)
rCorr    .         Rampage  .   (no gloves)
Will     .....                  (no boots)
Stlth    ++........             (no amulet)
HPRegen  0.06/turn              d - ring of see invisible
MPRegen  0.13/turn              (no ring)

@: no status effects
A: no striking features
a: no special abilities


You were on level 3 of the Dungeon.
You visited 1 branch of the dungeon, and saw 3 of its levels.

You collected 89 gold pieces.

Inventory:

Hand Weapons
 a - a +0 dagger (weapon)
Armour
 b - a +0 robe (worn)
 c - a +0 hat (worn)
Jewellery
 d - a ring of see invisible (left hand)
Scrolls
 g - 2 scrolls of remove curse
Potions
 e - a potion of curing {unknown}
 f - a potion of cancellation


   Skills:
 + Level 2.7 Dodging
 + Level 3.0 Stealth
 + Level 5.6 Spellcasting
 + Level 1.8 Conjurations
 + Level 1.1 Summonings
 + Level 1.1 Translocations
 * Level 0.4 Fire Magic
 * Level 0.4 Air Magic
 * Level 0.7 Poison Magic


You had 4 spell levels left.
You knew the following spells:

 Your Spells              Type           Power        Failure   Level
a - Magic Dart            Conj           48%          5%          1
b - Blink                 Tloc           N/A          11%         2
c - Conjure Flame         Conj/Fire      9%           22%         3
d - Mephitic Cloud        Conj/Pois/Air  9%           22%         3

Your spell library contained the following spells:

 Spells                   Type           Power        Failure   Level
 Call Imp                 Summ           9%           11%         2
 Slow                     Hex            5%           19%         2


Dungeon Overview and Level Annotations

Branches:
Dungeon (3/15)

Altars:

Annotations:
D:2 Robin
D:3 exclusion: upstairs


Message History

Casting: Blink (safe; 11% risk of failure)
Confirm with . or Enter, or press ? or * to list all spells.
You blink.
Casting: Blink (safe; 11% risk of failure)
Confirm with . or Enter, or press ? or * to list all spells.
You blink.
As you read the scroll labelled LUHOIH KAOXTIR, it crumbles to dust.
It is a scroll of identify.
f - a potion of cancellation
As you read the scroll labelled VASISY YSOTU, it crumbles to dust.
You feel blessed for a moment.
It was a scroll of remove curse.
The water moccasin misses you. The water moccasin bites you!
The water moccasin completely misses you.
The rat misses you.
Your magical contamination has completely faded away.
The water moccasin barely misses you. The water moccasin bites you!
Ouch! That really hurt!
You die...

...........#####.......
.....#.##....##......
..............##.....
.#####..#.....##...#
.......<....##...# #
#^####.#.......#.# .#
.. #.#.......#.##.# .
#..............##
#..@S...........##
#..r...............
#...............##.
#...............#
#..............[#
#[........#######
.......##### ##......#
#.######


You could see a water moccasin and a rat.

Vanquished Creatures
  Jessica (D:3)
  An adder (D:3)
  2 dart slugs (D:1)
  A leopard gecko (D:1)
  2 bats
  3 giant cockroaches
  2 hobgoblins (D:1)
  A frilled lizard (D:2)
  10 goblins
  2 kobolds (D:1)
  A rat (D:3)
26 creatures vanquished.

Vanquished Creatures (others)
  A goblin (D:3)
1 creature vanquished.

Grand Total: 27 creatures vanquished

Notes
Turn   | Place    | Note
-------+----------+-------------------------------------------
     0 | D:1      | H0rd4k the Deep Elf Hedge Wizard began the quest for the
                  | Orb.
     0 | D:1      | Reached XP level 1. HP: 10/10 MP: 7/7
   318 | D:1      | Reached XP level 2. HP: 14/15 MP: 6/9
   454 | D:1      | Reached skill level 5 in Spellcasting
   957 | D:2      | Noticed Robin
  1042 | D:2      | Reached XP level 3. HP: 13/19 MP: 3/11
  1050 | D:1      | Learned a level 2 spell: Blink
  1054 | D:1      | Learned a level 3 spell: Conjure Flame
  1058 | D:1      | Learned a level 3 spell: Mephitic Cloud
  1203 | D:3      | Noticed Jessica
  1209 | D:3      | Killed Jessica
  1237 | D:3      | Noticed a water moccasin
  1252 | D:3      | Slain by a water moccasin

Illustrated notes

Levels and vault maps discovered:
D:1:      co_arrival_square_in_a_square_in_a_square, layout_rooms,
          chequers_serial_rivers_room_a
D:2:      layout_loops_ring, nicolae_overflow_hidden_temple, minmay_quantized,
          uniq_robin, uniq_terence
D:3:      layout_basic, fiery_altar_vehumet, lemuel_tele_altar, uniq_jessica,
          uniq_sigmund

Skill      XL: |  1  2  3 |
---------------+----------+-----
Spellcasting   | 5 |  5.6
Stealth        | 3 |  3.0
Dodging        | |  2.7
Conjurations   | |  1.8
Summonings     | |  1.1
Translocations | |  1.1
Fire Magic     | |  0.4
Air Magic      | |  0.4
Poison Magic   | |  0.7

Action                   || total
-------------------------++-------
 Cast: Magic Dart        ||    85
       Blink             ||     2
  Use: Scroll            ||     2
Armor: Robe              ||     4
Dodge: Dodged            ||    26
